 Dungeon Crawl Stone Soup version 0.32-a0-994-gabb26cbae4 (webtiles) character file.

Game seed: 10066328556318811607

768 Revguard the Ruffian (level 7, -2/57 HPs)
             Began as a Pale Draconian Shapeshifter on Apr 22, 2024.
             Was an Initiate of Wu Jian.
             Slain by a troll (16 damage)
             ... on level 5 of the Dungeon.
             The game lasted 00:06:51 (3088 turns).

Revguard the Ruffian (Pale Draconian Shapeshifter)  Turns: 3088, Time: 00:06:52

Health: -2/57      AC:  6    Str: 17    XL:     7   Next: 52%
Magic:  6/6        EV: 11    Int: 10    God:    Wu Jian [......]
Gold:   210        SH:  0    Dex: 12    Spells: 6/6 levels left

rFire   + .          .
                       - Unarmed
rCold   + . .        (no shield)
rNeg    . . .        (body armour unavailable)
rPois   +            (helmet currently unavailable)
rElec   +            (cloak currently unavailable)
rCorr   +            (gloves currently unavailable)
SInv    .            (boots currently unavailable)
Will    .....        (no amulet)
Stlth   ++           (no ring)
HPRegen 0.29/turn    (no ring)
MPRegen 0.10/turn

%: no passive effects
@: beast-form, resistant, attractive, hasted, very quick
A: beast (slay +2), steam breath, AC +6, unfitting armour, cold-blooded, steam
resistance, low MP 1, inability to drink after injury 1
a: Steam Breath, Begin Untransformation, Renounce Religion


You were on level 5 of the Dungeon.
You worshipped Wu Jian.
Wu Jian was noncommittal.
You were a hulking beast.
You visited 1 branch of the dungeon, and saw 5 of its levels.

You collected 210 gold pieces.

Inventory:

Jewellery
 f - a ring of ice
 i - an amulet of guardian spirit
Talismans
 b - a beast talisman (active)
 c - a flux talisman
Scrolls
 d - a scroll of revelation {unknown}
 e - a scroll of amnesia {unknown}
 g - 2 scrolls of immolation
 h - a scroll of identify {unknown}
 j - a scroll of noise {unknown}
 k - a scroll of vulnerability {unknown}
 n - a scroll of teleportation {unknown}
 q - a scroll of blinking {unknown}
Potions
 o - a potion of mutation


   Skills:
 + Level 3.4 Fighting
 + Level 3.2 Dodging
 + Level 2.8 Stealth
 * Level 5.2 Unarmed Combat
 + Level 2.9 Evocations
 * Level 4.4 Shapeshifting


You had 6 spell levels left.
You didn't know any spells.
Your spell library contained the following spells:

 Spells                   Type           Power      Damage    Failure   Level
 Freeze                   Ice            0%         1d3       36%         1
 Magic Dart               Conj           0%         1d3       36%         1
 Call Imp                 Summ           0%         N/A       50%         2
 Searing Ray              Conj           0%         2d4       50%         2
 Sublimation of Blood     Necr           0%         N/A       50%         2
 Frozen Ramparts          Ice            0%         1d1       75%         3
 Hailstorm                Conj/Ice       0%         3d5       75%         3
 Ozocubu's Armour         Ice            0%         N/A       75%         3
 Fulminant Prism          Conj/Alch      0%         3d5       98%         4
 Metabolic Englaciation   Hex/Ice        0%         N/A       100%        5
 Summon Hydra             Summ           0%         N/A       100%        7


Dungeon Overview and Level Annotations

Branches:
Dungeon (5/15)             Temple (0/1) D:5

Altars:
Ru
Uskayaw
Vehumet
Wu Jian
The Shining One


Innate Abilities, Weirdness & Mutations

You are a hulking beast.
Your limbs bulge with bestial killing power. (Slay +2)
You can breathe blasts of scalding, opaque steam.
Your pale cyan-grey scales are hard. (AC +6)
You cannot fit into any form of body armour.
You are cold-blooded and may be slowed by cold attacks.
You are immune to the effects of steam.
Your magical capacity is low. (-10% MP)
You occasionally lose the ability to drink potions when taking damage.


Message History

The troll is lightly wounded.
The troll bites you but does no damage. The troll claws you.
The troll barely misses you.
You closely miss the troll.
The troll is lightly wounded.
The troll bites you! The troll barely misses you. The troll closely misses you.
You closely miss the troll. The troll bites you. The troll claws you.
The troll claws you!
Aiming: Steam Breath
Press: ? - help, Shift-Dir - straight line, f - troll
Aim: a troll (71% to hit)
You exhale a blast of scalding steam.
The ball of steam hits the troll!
The troll is moderately wounded.
The troll is engulfed in a cloud of scalding steam.
The troll bites you. The troll completely misses you.
The troll closely misses you.
It was a potion of mutation.
You feel extremely strange.
You occasionally lose the ability to drink potions when taking damage.
You feel less energetic.
The troll is engulfed in a cloud of scalding steam.
The troll bites you.
* * * LOW HITPOINT WARNING * * *
The troll claws you.
* * * LOW HITPOINT WARNING * * *
The troll claws you!
* * * LOW HITPOINT WARNING * * *
It was a potion of attraction.
You feel attractive to monsters.
The troll is engulfed in a cloud of scalding steam.
The troll barely misses you. The troll claws you but does no damage.
The troll barely misses you.
It was a potion of haste.
You feel yourself speed up.
The troll is engulfed in a cloud of scalding steam.
The troll bites you.
* * * LOW HITPOINT WARNING * * *
The troll misses you. The troll claws you but does no damage.
It was a potion of resistance.
You feel protected.
It was a potion of curing.
You feel better. The troll bites you!
You die...

######### .#.....##
.........# .#
..........### ...#
...........## #...##
...........## ..##...#####
...........##
......§§Th.###..........##
#....#.§##...###........##
........#......###...†...#
....#..##.#......###......
#.....#.......#.......###
#.##.##.......#..##...###
. ..#...........#######.
..##.##.....#.## #.
#........#..# #.


You could see a troll.

Vanquished Creatures
  Sigmund (D:2)
  A black bear (D:4)
  2 scorpions
  A bombardier beetle (D:3)
  3 hounds
  A sleepcap (D:4)
  An orc priest (D:3)
  2 iguanas
  10 adders
  An ufetubus (D:5)
  2 dart slugs
  2 ribbon worms
  6 orcs (D:3)
  A bat (D:2)
  4 endoplasms
  4 giant cockroaches
  6 goblins
  3 hobgoblins
  2 jackals (D:5)
  A quokka (D:2)
  2 ball pythons
  3 kobolds
  3 rats
62 creatures vanquished.

Notes
Turn   | Place    | Note
-------+----------+-------------------------------------------
     0 | D:1      | Revguard the Draconian Shapeshifter began the quest for the
                  | Orb.
     0 | D:1      | Reached XP level 1. HP: 16/16 MP: 1/1
    61 | D:1      | You fall into a shaft and drop 1 floor!
    93 | D:2      | Reached XP level 2. HP: 23/23 MP: 2/2
   121 | D:2      | Reached XP level 3. HP: 28/28 MP: 3/3
   232 | D:2      | Reached skill level 1 in Stealth
   239 | D:2      | Noticed Sigmund
   261 | D:2      | Killed Sigmund
   262 | D:2      | Reached skill level 4 in Unarmed Combat
   262 | D:2      | Reached skill level 1 in Evocations
   262 | D:2      | Reached XP level 4. HP: 28/37 MP: 4/4
   262 | D:2      | Reached XP level 5. HP: 32/42 MP: 5/5
   752 | D:3      | Found a radiant altar of Vehumet.
   989 | D:3      | Reached XP level 6. HP: 50/50 MP: 6/6
  1093 | D:3      | Found a faded altar of an unknown god.
  2079 | D:4      | Found a sacrificial altar of Ru.
  2175 | D:4      | Your scales start taking on a pale cyan-grey colour.
  2175 | D:4      | Reached XP level 7. HP: 45/57 MP: 7/7
  2175 | D:4      | Gained mutation: You are immune to the effects of steam.
                  | [Pale Draconian growth]
  2533 | D:4      | Found a hide-covered altar of Uskayaw.
  2533 | D:4      | Found an ornate altar of the Wu Jian Council.
  2540 | D:4      | Became a worshipper of the Wu Jian Council
  2563 | D:4      | Reached skill level 5 in Unarmed Combat
  2729 | D:5      | Entered Level 5 of the Dungeon
  2811 | D:5      | Found a glowing golden altar of the Shining One.
  2842 | D:5      | Found a staircase to the Ecumenical Temple.
  3071 | D:5      | Noticed a troll
  3084 | D:5      | Gained mutation: You occasionally lose the ability to drink
                  | potions when taking damage. [potion of mutation]
  3084 | D:5      | Gained mutation: Your magical capacity is low. (-10% MP)
                  | [potion of mutation]
  3088 | D:5      | Slain by a troll

Illustrated notes

Levels and vault maps discovered:
D:1:      dpeg_arrival_leaves_temple_mockup, layout_basic, serial_shops,
          nicolae_shop_drivethru
D:2:      layout_basic, nicolae_concentric_dashed_squares_mild, uniq_sigmund
D:3:      layout_loops_corners, fiery_altar_vehumet,
          hellmonk_ecumenical_altar_blasted, hex_tiny, minmay_misc_feat_iff
D:4:      layout_gridville, gammafunk_temple_overflow_pools,
          nicolae_ru_the_path_less_chosen
D:5:      minmay_skewed_foursquare, layout_cave_pods,
          mainiacjoe_overflow_catwalk, temple_statues,
          amcnicky_mini_corridor_feature, uniq_pikel

Skill      XL: |  1  2  3  4  5  6  7 |
---------------+----------------------+-----
Dodging        | 2 3 |  3.2
Stealth        | 1 2 |  2.8
Fighting       | 2 3 |  3.4
Unarmed Combat | 4 5 |  5.2
Evocations     | 1 2 |  2.9
Shapeshifting  | 4 |  4.4

Action                     |  1- 3 |  4- 6 |  7- 9 || total
---------------------------+-------+-------+-------++-------
  Melee: Unarmed           |    51 |   100 |    65 ||   216
         Tailslap          |     5 |    16 |     7 ||    28
         Punch             |       |     5 |     5 ||    10
Ability: Lunge             |       |       |     4 ||     4
         Steam Breath      |       |       |     1 ||     1
    Use: Potion            |     1 |     1 |     5 ||     7
   Stab: Sleeping          |       |     2 |     2 ||     4
 Armour: Skin              |    56 |    62 |    47 ||   165
  Dodge: Dodged            |    23 |    66 |    42 ||   131

Table legend: (Time is in decaauts)
 A = Elapsed time spent in this place.
 B = Non-inter-level travel time spent in this place.
 C = Inter-level travel time spent in this place.
 D = Time resting spent in this place.
 E = Time spent auto-exploring this place.
 F = Levels seen in this place.
 G = Mean time per level.
                   A        B        C        D        E       F      G
               +--------+--------+--------+--------+--------+-----+--------+
         Total |   3072 |   3049 |     23 |      3 |   2468 |   5 |  614.4 |
       Dungeon |   3072 |   3049 |     23 |      3 |   2468 |   5 |  614.4 |
               +--------+--------+--------+--------+--------+-----+--------+

Top non-repeatable levels by time:
     D:4: 1057 daAuts
     D:3: 922 daAuts
     D:2: 677 daAuts
     D:5: 355 daAuts
     D:1: 60 daAuts
